 Dungeon Crawl Stone Soup version 0.29.0-13-gc9e81de378 (webtiles) character file.

Game seed: 3408505614918791932

560 Pim the Changer (level 7, -2/53 HPs)
             Began as a Human Transmuter on Sept 10, 2022.
             Was a Follower of Jiyva.
             Slain by a gnoll sergeant
             ... wielding a +0 spear
              (5 damage)
             ... on level 5 of the Dungeon.
             The game lasted 00:09:41 (7164 turns).

Pim the Changer (Human Transmuter)                  Turns: 7164, Time: 00:09:41

Health: -2/53      AC:  7    Str: 11    XL:     7   Next: 57%
Magic:  11/11      EV: 10    Int: 13    God:    Jiyva [*.....]
Gold:   207        SH:  3    Dex: 15    Spells: 9/12 levels left

rFire   + . .      SeeInvis .   C - +1 rapier (freeze)
rCold   + . .      Faith    .   D - +0 buckler
rNeg    . . .      Spirit   .   e - +0 ring mail
rPois   .          Reflect  .   p - +0 helmet
rElec   .          Harm     .   z - scarf {rC+ rF+}
rCorr   .          Rampage  .   (no gloves)
Will    .....                   r - +0 pair of boots
Stlth   +.........              (no amulet)
HPRegen 0.97/turn               (no ring)
MPRegen 0.37/turn               (no ring)

@: wereblooded
A: no striking features
a: Renounce Religion


You were on level 5 of the Dungeon.
You worshipped Jiyva.
Jiyva was aware of your devotion.
You visited 2 branches of the dungeon, and saw 6 of its levels.

You collected 207 gold pieces.

Inventory:

Hand Weapons
 d - a +0 dagger
 k - a +0 short sword
 C - a +1 rapier of freezing (weapon)
Missiles
 m - 6 poisoned darts
 x - 5 silver boomerangs
Armour
 a - a +0 robe
 e - a +0 ring mail (worn)
 l - a +0 cloak
 p - a +0 helmet (worn)
 r - a +0 pair of boots (worn)
 z - a scarf of resistance (worn)
 D - a +0 buckler (worn)
Wands
 b - a wand of flame (6) (quivered)
Scrolls
 c - a scroll of enchant weapon {unknown}
 g - a scroll of immolation {unknown}
 i - 4 scrolls of blinking
 j - 3 scrolls of teleportation
 o - a scroll of torment {unknown}
 t - a scroll of amnesia {unknown}
 v - a scroll of brand weapon {unknown}
 y - a scroll of enchant armour {unknown}
Potions
 f - a potion of magic {unknown}
 h - a potion of invisibility {unknown}
 n - a potion of attraction {unknown}
 q - a potion of flight
 s - 4 potions of curing
 u - 3 potions of brilliance {unknown}
 w - 2 potions of degeneration {unknown}
 A - a potion of heal wounds {unknown}
 B - a potion of mutation {unknown}


   Skills:
 * Level 3.8 Fighting
 * Level 3.6 Long Blades
 + Level 3.2 Dodging
 - Level 3.0 Unarmed Combat
 + Level 3.1 Spellcasting
 * Level 3.9 Transmutations


You had 9 spell levels left.
You knew the following spells:

 Your Spells              Type           Power      Damage    Failure   Level
a - Beastly Appendage     Tmut           24%        N/A       16%         1
b - Wereblood             Tmut           12%        N/A       24%         2

Your spell library contained the following spells:

 Spells                   Type           Power      Damage    Failure   Level
 Spider Form              Tmut/Pois      7%         N/A       71%         3
 Blink                    Tloc           4%         N/A       75%         2
 Summon Guardian Golem    Hex/Summ       2%         N/A       93%         3
 Ice Form                 Ice/Tmut       7%         N/A       98%         4
 Passage of Golubria      Tloc           2%         N/A       100%        4
 Manifold Assault         Tloc           2%         N/A       100%        5
 Silence                  Hex/Air        1%         N/A       100%        5
 Orb of Destruction       Conj           1%         9d5       100%        7
 Spellforged Servitor     Conj/Summ      1%         N/A       100%        7
 Storm Form               Tmut/Air       3%         N/A       100%        7
 Borgnjor's Revivificati  Necr           1%         N/A       100%        8
 Lehudib's Crystal Spear  Conj/Erth      1%         10d2      100%        8
 Necromutation            Tmut/Necr      3%         N/A       100%        8
 Death's Door             Necr           1%         N/A       100%        9


Dungeon Overview and Level Annotations

Branches:
Dungeon (5/15)             Temple (1/1) D:4

Altars:
Gozag
Hepliaklqana
Kikubaaqudgha
Qazlal
Sif Muna
Vehumet
Wu Jian
Xom
The Shining One
Jiyva

Shops:
D:2 (

Annotations:
D:3 exclusion: downstairs, Sigmund
D:4 exclusion: upstairs


Message History

You hit the gnoll sergeant but do no damage.
You claw the gnoll sergeant, but do no damage.
The gnoll sergeant is heavily wounded.
You hear a distant slurping noise.
The gnoll sergeant hits you with a +0 spear.
You barely miss the gnoll sergeant. You claw the gnoll sergeant.
The gnoll sergeant is heavily wounded.
The gnoll sergeant hits you with a +0 spear.
You hit the gnoll sergeant but do no damage.
You headbutt the gnoll sergeant!
The gnoll sergeant is almost dead.
The gnoll sergeant hits you with a +0 spear.
You hit the gnoll sergeant but do no damage.
You claw the gnoll sergeant, but do no damage.
The gnoll sergeant is almost dead.
The gnoll sergeant hits you with a +0 spear!
* * * LOW HITPOINT WARNING * * *
You hit the gnoll sergeant but do no damage.
You claw the gnoll sergeant, but do no damage.
The gnoll sergeant is almost dead.
The gnoll sergeant hits you with a +0 spear.
* * * LOW HITPOINT WARNING * * *
The gnoll sergeant barely misses you.
You barely miss the gnoll sergeant.
You headbutt the gnoll sergeant, but do no damage.
The gnoll sergeant is almost dead.
The gnoll sergeant hits you with a +0 spear.
* * * LOW HITPOINT WARNING * * *
You hit the gnoll sergeant but do no damage.
You claw the gnoll sergeant, but do no damage.
The gnoll sergeant is almost dead.
Your horns disappear.
Your talons disappear.
Your +0 helmet unmelds from your body.
Your +0 pair of boots unmelds from your body.
The gnoll sergeant hits you with a +0 spear!
* * * LOW HITPOINT WARNING * * *
You hit the gnoll sergeant but do no damage.
The gnoll sergeant is almost dead.
The gnoll sergeant hits you with a +0 spear.
You die...

#.# #.# #g#
#.# #.# #.#
#g# #.# #.#
#.# #g# #.#
#.# #.#
#.##########.#
#....gggg@...#
#.############
###


You could see a gnoll sergeant and 3 gnolls.

Vanquished Creatures
  2 ogres
  A phantom (D:5)
  A scorpion (D:5)
  A hound (D:5)
  4 iguanas
  Ijyb (D:3)
  2 adders (D:2)
  2 worms (D:2)
  A dart slug (D:2)
  4 orcs (D:5)
  5 ball pythons
  5 bats
  4 endoplasms
  6 giant cockroaches
  10 goblins
  7 hobgoblins
  6 jackals
  6 kobolds
  3 quokkas
  3 frilled lizards (D:2)
  6 rats
80 creatures vanquished.

Vanquished Creatures (others)
  2 jellies (D:4)
  An iguana (D:5)
  2 adders (D:5)
  3 plants
8 creatures vanquished.

Grand Total: 88 creatures vanquished

Notes
Turn   | Place    | Note
-------+----------+-------------------------------------------
     0 | D:1      | Pim the Human Transmuter began the quest for the Orb.
     0 | D:1      | Reached XP level 1. HP: 15/15 MP: 3/3
   319 | D:1      | Reached XP level 2. HP: 16/21 MP: 3/5
   322 | D:1      | Learned a level 2 spell: Wereblood
  1004 | D:1      | Reached skill level 1 in Long Blades
  1331 | D:1      | Reached XP level 3. HP: 27/27 MP: 4/6
  1815 | D:2      | Found Femuis's Weapon Shop.
  2511 | D:2      | Reached XP level 4. HP: 33/33 MP: 5/7
  3193 | D:3      | Noticed Sigmund
  3828 | D:3      | Noticed Ijyb
  3854 | D:3      | Killed Ijyb
  3855 | D:3      | Reached XP level 5. HP: 5/39 MP: 8/8
  4894 | D:4      | Noticed an ogre
  5459 | D:4      | Noticed an ogre
  5484 | D:5      | Entered Level 5 of the Dungeon
  5560 | D:5      | Reached XP level 6. HP: 16/47 MP: 6/9
  5567 | D:5      | HP: 2/47 [poisoned by a scorpion]
  6029 | D:4      | Killed an ogre
  6054 | D:4      | Found a staircase to the Ecumenical Temple.
  6079 | Temple   | Entered the Ecumenical Temple
  6202 | Temple   | Became a worshipper of Jiyva Jiepriza the Shapeless
  6771 | D:5      | Noticed an ogre
  6783 | D:5      | Reached XP level 7. HP: 39/52 MP: 8/11
  7022 | D:5      | Reached * piety under Jiyva
  7163 | D:5      | HP: 2/53 [gnoll sergeant/+0 spear (8)]
  7164 | D:5      | Slain by a gnoll sergeant

Illustrated notes

Levels and vault maps discovered:
D:1:      nzn_arrival_depleted_hourglass, layout_basic, kennysheep_crisscross,
          serial_bayou_lagoon_b
D:2:      minmay_door_path, layout_loops_corners, serial_shops,
          nicolae_square_shop, minmay_tromino_v4_a
D:3:      layout_basic, hex_large, minmay_crystal_water, roderic_lattice_a,
          minivault_27, serial_bayou_pond_a, uniq_ijyb, uniq_sigmund
D:4:      layout_basic, minmay_temple_entry_overgrown
D:5:      layout_basic
Temple:   pf_slime_end_temple

Skill      XL: |  1  2  3  4  5  6  7 |
---------------+----------------------+-----
Long Blades    | 1 2 3 |  3.6
Fighting       | 2 3 |  3.8
Transmutations | 3 |  3.9
Dodging        | 3 |  3.2
Spellcasting   | 3 |  3.1
Unarmed Combat | |  3.0

Action                   |  1- 3 |  4- 6 |  7- 9 || total
-------------------------+-------+-------+-------++-------
Melee: Dagger            |    52 |       |       ||    52
       Unarmed           |     9 |       |       ||     9
       Kick              |    26 |    24 |    12 ||    62
       Short sword       |    66 |   114 |       ||   180
       Headbutt          |    13 |    11 |     7 ||    31
       Punch             |     2 |     4 |       ||     6
       Rapier            |       |    38 |    31 ||    69
 Cast: Beastly Appendage |    25 |    27 |     4 ||    56
       Wereblood         |       |     3 |     3 ||     6
Evoke: Wand              |       |     3 |       ||     3
  Use: Potion            |       |     1 |       ||     1
       Scroll            |       |     4 |       ||     4
Armor: Robe              |     3 |       |       ||     3
       Ring mail         |    72 |    67 |     4 ||   143
       Skin              |       |    10 |       ||    10
Dodge: Dodged            |    93 |   104 |    12 ||   209
Block: Buckler           |       |       |     1 ||     1
